MID
PEORIA CHIEFS @ HAGERSTOWN SUNS
04/25/2044
 
TOP OF THE 1ST
Peoria Chiefs batting - Pitching for Hagerstown Suns : RHP Chris Close
Pitching: RHP Chris Close
Batting: RHB Josh Martin 0-0: Ball
1-0: Ball
2-0: Ball
3-0: Called Strike
3-1: Base on Balls
Batting: RHB Dan Boykins 0-0: Ball
1-0: Called Strike
1-1: Ball
Josh Martin steals 2nd base (no throw)
2-1: Ball
3-1: Base on Balls
Batting: RHB Terry Baginski 0-0: Called Strike
Josh Martin steals 3rd base
0-1: Called Strike
0-2: Strikes out swinging
Batting: RHB Travis Leonard 0-0: Ball
1-0: Ball
2-0: Called Strike
2-1: Fly out, F9 (Flyball, 9, EV 93.1 MPH)
Runner from 3rd tags up, SCORES, throw by RF
Batting: LHB Ken Compton 0-0: Foul Ball, location: 2F
0-1: SINGLE (Line Drive, 9S, EV 99.4 MPH)
Dan Boykins to second
Runner from 2nd tries for 3rd, SAFE, throw by RF made to third
Batting: RHB Chris Simmons 0-0: Foul Ball, location: 2F
0-1: Fielders Choice at 2nd, U4 (Groundball, 6MD, EV 85.6 MPH)
Top of the 1st over - 1 run, 1 hit, 0 errors, 2 left on base; Peoria 1 - Hagerstown 0
BOTTOM OF THE 1ST
Hagerstown Suns batting - Pitching for Peoria Chiefs : RHP Ben Cook
Pitching: RHP Ben Cook
Batting: SHB Dan Castaneda 0-0: DOUBLE (Groundball, 3L, EV 100.6 MPH)
Pinch Runner at 2nd Kevin Wick:
Batting: RHB Pat Drader 0-0: Fly out, F3 (Line Drive, 3, EV 68.8 MPH)
Batting: LHB Yoshiya Kurokawa 0-0: Ball
1-0: Foul Ball, location: 2F
1-1: Called Strike
1-2: Strikes out swinging
Batting: RHB Jim Towle 0-0: DOUBLE (Flyball, 8LXD, EV 108.1 MPH)
Kevin Wick scores
Batting: RHB Felix Torres 0-0: Called Strike
0-1: Foul Ball, location: 2F
0-2: Ground out 6-3 (Groundball, 6, EV 103.1 MPH)
Bottom of the 1st over - 1 run, 2 hits, 0 errors, 1 left on base; Peoria 1 - Hagerstown 1
TOP OF THE 2ND
Peoria Chiefs batting - Pitching for Hagerstown Suns : RHP Chris Close
Now at 3B: Kevin Wick
Batting: LHB Jayden Thomas 0-0: Ball
1-0: Ball
2-0: Ground out 4-3 (Groundball, 4S, EV 66.3 MPH)
Batting: RHB Justin Reich 0-0: Fly out, F7 (Flyball, 7LM, EV 104.4 MPH)
Batting: SHB Steve Barnett 0-0: Foul Ball, location: 2F
0-1: Ball
1-1: Ball
2-1: Foul Ball, location: 2F
2-2: Foul Ball, location: 2F
2-2: Ball
3-2: Ground out 4-3 (Groundball, 4, EV 91.9 MPH)
Top of the 2nd over - 0 runs, 0 hits, 0 errors, 0 left on base; Peoria 1 - Hagerstown 1
BOTTOM OF THE 2ND
Hagerstown Suns batting - Pitching for Peoria Chiefs : RHP Ben Cook
Batting: RHB Joe Young 0-0: Fly out, F4 (Line Drive, 4, EV 71.9 MPH)
Batting: RHB Jeff Page 0-0: Foul Ball, location: 2F
0-1: SINGLE (Groundball, 34D, EV 105.6 MPH)
Batting: RHB Scott Skoglund 0-0: Foul Ball, location: 2F
0-1: Ball
1-1: Ball
2-1: Grounds into double play, 6-4-3 (Groundball, 56, EV 86.9 MPH)
Bottom of the 2nd over - 0 runs, 1 hit, 0 errors, 0 left on base; Peoria 1 - Hagerstown 1
TOP OF THE 3RD
Peoria Chiefs batting - Pitching for Hagerstown Suns : RHP Chris Close
Batting: RHB Josh Martin 0-0: Ball
1-0: Foul Ball, location: 2F
1-1: Ball
2-1: Fly out, F7 (Line Drive, 7, EV 96.3 MPH)
Batting: RHB Dan Boykins 0-0: Ball
1-0: Swinging Strike
1-1: Ball
2-1: Fly out, F8 (Line Drive, 8LD, EV 90.0 MPH)
Batting: RHB Terry Baginski 0-0: Called Strike
0-1: Called Strike
0-2: Foul Ball, location: 2F
0-2: Ball
1-2: Strikes out swinging
Top of the 3rd over - 0 runs, 0 hits, 0 errors, 0 left on base; Peoria 1 - Hagerstown 1
BOTTOM OF THE 3RD
Hagerstown Suns batting - Pitching for Peoria Chiefs : RHP Ben Cook
Batting: RHB Bobby Dieter 0-0: Ball
1-0: Ball
2-0: Foul Ball, location: 2F
2-1: Foul Ball, location: 2F
2-2: Fly out, F7 (Flyball, 78D, EV 91.9 MPH)
Batting: RHB Kevin Wick 0-0: Foul Ball, location: 2F
0-1: Foul Ball, location: 2F
0-2: Ball
1-2: Foul Ball, location: 2F
1-2: Strikes out swinging
Batting: RHB Pat Drader 0-0: Ball
1-0: Ground out U3 (Groundball, 3, EV 92.5 MPH)
Bottom of the 3rd over - 0 runs, 0 hits, 0 errors, 0 left on base; Peoria 1 - Hagerstown 1
TOP OF THE 4TH
Peoria Chiefs batting - Pitching for Hagerstown Suns : RHP Chris Close
Batting: RHB Travis Leonard 0-0: SINGLE (Groundball, 6D, EV 95.0 MPH)
Batting: LHB Ken Compton 0-0: Hit by Pitch
Travis Leonard to second
Batting: RHB Chris Simmons 0-0: Foul Ball, location: 2F
0-1: Fly out, F7 (Flyball, 7D, EV 102.5 MPH)
Runner from 2nd tags up, SAFE at 3rd, no throw by LF
Batting: LHB Jayden Thomas 0-0: Called Strike
Ken Compton steals 2nd base
0-1: Swinging Strike
0-2: SINGLE (Groundball, 4M, EV 95.6 MPH)
Travis Leonard scores
Ken Compton to third
Batting: RHB Justin Reich 0-0: Called Strike
0-1: Swinging Strike
0-2: Strikes out looking
Batting: SHB Steve Barnett 0-0: Ball
1-0: Ball
2-0: Ground out 4-3 (Groundball, 4, EV 87.5 MPH)
Top of the 4th over - 1 run, 2 hits, 0 errors, 2 left on base; Peoria 2 - Hagerstown 1
BOTTOM OF THE 4TH
Hagerstown Suns batting - Pitching for Peoria Chiefs : RHP Ben Cook
Batting: LHB Yoshiya Kurokawa 0-0: Foul Ball, location: 2F
0-1: Foul Ball, location: 2F
0-2: Ball
1-2: Ball
2-2: Ball
3-2: Strikes out swinging
Batting: RHB Jim Towle 0-0: Called Strike
0-1: Ball
1-1: Ball
2-1: Ball
3-1: Called Strike
3-2: Base on Balls
Batting: RHB Felix Torres 0-0: Swinging Strike
0-1: Fielders Choice at 2nd, 6-4 (Groundball, 56, EV 99.4 MPH)
Batting: RHB Joe Young 0-0: Swinging Strike
0-1: Swinging Strike
0-2: Ball
1-2: Strikes out swinging
Bottom of the 4th over - 0 runs, 0 hits, 0 errors, 1 left on base; Peoria 2 - Hagerstown 1
TOP OF THE 5TH
Peoria Chiefs batting - Pitching for Hagerstown Suns : RHP Chris Close
Batting: RHB Josh Martin 0-0: Ball
1-0: Ball
2-0: Ball
3-0: Base on Balls
Batting: RHB Dan Boykins 0-0: Ball
1-0: Swinging Strike
1-1: Ball
2-1: Foul Ball, location: 2F
2-2: Foul Ball, location: 2F
2-2: Ball
3-2: Fly out, F7 (Flyball, 78S, EV 93.1 MPH)
Batting: RHB Terry Baginski 0-0: Ball
1-0: Ball
2-0: Fly out, F8 (Flyball, 8LXD, EV 89.4 MPH)
Batting: RHB Travis Leonard 0-0: Called Strike
Josh Martin steals 2nd base
0-1: Swinging Strike
0-2: Ball
1-2: Ball
2-2: Foul Ball, location: 2F
2-2: Strikes out swinging
Top of the 5th over - 0 runs, 0 hits, 0 errors, 1 left on base; Peoria 2 - Hagerstown 1
BOTTOM OF THE 5TH
Hagerstown Suns batting - Pitching for Peoria Chiefs : RHP Ben Cook
Batting: RHB Jeff Page 0-0: Ball
1-0: Ground out 4-3 (Groundball, 4, EV 87.5 MPH)
Batting: RHB Scott Skoglund 0-0: Foul Ball, location: 2F
0-1: Ball
1-1: Foul Ball, location: 2F
1-2: Ball
2-2: Strikes out looking
Batting: RHB Bobby Dieter 0-0: Called Strike
0-1: Ball
1-1: Swinging Strike
1-2: Foul Ball, location: 2F
1-2: Strikes out swinging
Bottom of the 5th over - 0 runs, 0 hits, 0 errors, 0 left on base; Peoria 2 - Hagerstown 1
TOP OF THE 6TH
Peoria Chiefs batting - Pitching for Hagerstown Suns : RHP Chris Close
Batting: LHB Ken Compton 0-0: Called Strike
0-1: Swinging Strike
0-2: Strikes out looking
Pitching: LHP Kerry Baty
Batting: RHB Chris Simmons 0-0: Called Strike
0-1: Ball
1-1: Ball
2-1: Fly out, F8 (Flyball, 8LD, EV 100.6 MPH)
Batting: LHB Jayden Thomas 0-0: Called Strike
0-1: Ground out 5-3 (Groundball, 6S, EV 88.1 MPH)
Top of the 6th over - 0 runs, 0 hits, 0 errors, 0 left on base; Peoria 2 - Hagerstown 1
BOTTOM OF THE 6TH
Hagerstown Suns batting - Pitching for Peoria Chiefs : RHP Ben Cook
Batting: RHB Kevin Wick 0-0: Ball
1-0: Ball
2-0: Ball
3-0: Base on Balls
Batting: RHB Pat Drader 0-0: Ball
1-0: Called Strike
1-1: Foul Ball, location: 2F
1-2: Ball
2-2: Fly out, F8 (Line Drive, 8RM, EV 92.5 MPH)
Batting: LHB Yoshiya Kurokawa 0-0: Foul Ball, location: 2F
0-1: Ball
1-1: Called Strike
1-2: Grounds into double play, 5-4-3 (Groundball, 56S, EV 91.3 MPH)
Bottom of the 6th over - 0 runs, 0 hits, 0 errors, 0 left on base; Peoria 2 - Hagerstown 1
TOP OF THE 7TH
Peoria Chiefs batting - Pitching for Hagerstown Suns : LHP Kerry Baty
Batting: RHB Justin Reich 0-0: Called Strike
0-1: Ball
1-1: Called Strike
1-2: Ball
2-2: SINGLE (Groundball, 6D, EV 101.9 MPH)
Batting: SHB Steve Barnett 0-0: Bunted foul
0-1: Sac Bunt to 25 - play at first, batter OUT! 5-4
Justin Reich to second
Batting: RHB Josh Martin 0-0: Called Strike
0-1: Ball
1-1: Foul Ball, location: 2F
1-2: Foul Ball, location: 2F
1-2: Foul Ball, location: 2F
1-2: Reached on error, E4 (Groundball, 4, EV 101.3 MPH)
Justin Reich to third
Pitching: RHP Alpha Miller
Batting: RHB Dan Boykins 0-0: Called Strike
0-1: Called Strike
Josh Martin steals 2nd base
0-2: Ball
1-2: Foul Ball, location: 2F
1-2: Foul Ball, location: 2F
1-2: Ball
2-2: Strikes out swinging
Batting: RHB Terry Baginski 0-0: Ball
1-0: Called Strike
1-1: Called Strike
1-2: Strikes out swinging
Top of the 7th over - 0 runs, 1 hit, 1 error, 2 left on base; Peoria 2 - Hagerstown 1
BOTTOM OF THE 7TH
Hagerstown Suns batting - Pitching for Peoria Chiefs : RHP Ben Cook
Batting: RHB Jim Towle 0-0: Foul Ball, location: 2F
0-1: Ball
1-1: Ball
2-1: Ball
3-1: Base on Balls
Batting: RHB Felix Torres 0-0: Foul Ball, location: 2F
0-1: Foul Ball, location: 2F
0-2: Foul Ball, location: 2F
0-2: Grounds into double play, 5-4-3 (Groundball, 5L, EV 101.9 MPH)
Batting: LHB Rich Hannus 0-0: Ball
1-0: Ball
2-0: Ball
3-0: Called Strike
3-1: Base on Balls
Pitching: LHP Luis Herrera
Batting: RHB Jeff Page 0-0: Ball
1-0: 2-RUN HOME RUN (Flyball, 7D, EV 99.4 MPH), Distance : 384 ft
Batting: RHB Scott Skoglund 0-0: Ball
1-0: Ground out 6-3 (Groundball, 6, EV 105.6 MPH)
Bottom of the 7th over - 2 runs, 1 hit, 0 errors, 0 left on base; Peoria 2 - Hagerstown 3
TOP OF THE 8TH
Peoria Chiefs batting - Pitching for Hagerstown Suns : RHP Alpha Miller
Batting: RHB Travis Leonard 0-0: Ball
1-0: Ball
2-0: Swinging Strike
2-1: Foul Ball, location: 2F
2-2: Strikes out swinging
Batting: LHB Ken Compton 0-0: Ball
1-0: Ball
2-0: Foul Ball, location: 2F
2-1: Ball
3-1: Base on Balls
Pitching: RHP Luis Cruz
Pinch Hitting: SHB Bobby O'Leary 0-0: Ball
1-0: Ball
2-0: Bunted foul
2-1: Sac Bunt to 5S - play at first, batter OUT! 5-4
Ken Compton to second
Batting: LHB Jayden Thomas 0-0: Called Strike
0-1: Fly out, F7 (Flyball, 7, EV 91.3 MPH)
Top of the 8th over - 0 runs, 0 hits, 0 errors, 1 left on base; Peoria 2 - Hagerstown 3
BOTTOM OF THE 8TH
Hagerstown Suns batting - Pitching for Peoria Chiefs : LHP Luis Herrera
Now at 3B: Bobby O'Leary
Batting: RHB Bobby Dieter 0-0: Called Strike
0-1: Foul Ball, location: 2F
0-2: Ground out 4-3 (Groundball, 34, EV 101.9 MPH)
Batting: RHB Kevin Wick 0-0: Swinging Strike
0-1: Ball
1-1: Foul Ball, location: 2F
1-2: Ball
2-2: Foul Ball, location: 2F
2-2: Ground out 6-3 (Groundball, 6, EV 101.3 MPH)
Batting: RHB Pat Drader 0-0: Ball
1-0: Swinging Strike
1-1: Swinging Strike
1-2: Ball
2-2: Ball
3-2: Ground out 6-3 (Groundball, 6, EV 90.0 MPH)
Bottom of the 8th over - 0 runs, 0 hits, 0 errors, 0 left on base; Peoria 2 - Hagerstown 3
TOP OF THE 9TH
Peoria Chiefs batting - Pitching for Hagerstown Suns : RHP Luis Cruz
Batting: RHB Justin Reich 0-0: Ground out 4-3 (Groundball, 34S, EV 86.9 MPH)
Batting: SHB Steve Barnett 0-0: Ball
1-0: Foul Ball, location: 2F
1-1: Foul Ball, location: 2F
1-2: Ball
2-2: Strikes out swinging
Batting: RHB Josh Martin 0-0: Ball
1-0: Ball
2-0: Foul Ball, location: 2F
2-1: Ball
3-1: Base on Balls
Batting: RHB Dan Boykins 0-0: Called Strike
0-1: Ball
1-1: Ball
2-1: Ball
3-1: Foul Ball, location: 2F
3-2: Base on Balls
Josh Martin to second
Pitching: RHP William Coplon
Batting: RHB Terry Baginski 0-0: Called Strike
0-1: Ball
1-1: Ball
2-1: Foul Ball, location: 2F
2-2: Foul Ball, location: 2F
2-2: Ball
3-2: Foul Ball, location: 2F
3-2: Base on Balls
Josh Martin to third
Dan Boykins to second
Batting: RHB Travis Leonard 0-0: Swinging Strike
0-1: Ball
1-1: Ball
2-1: SINGLE (Groundball, 6D, EV 93.8 MPH)
Josh Martin scores
Dan Boykins to third
Terry Baginski to second
Runner from 3rd tries for Home, SAFE, throw by LF to home
Batting: LHB Ken Compton 0-0: Ball
1-0: Foul Ball, location: 2F
1-1: Foul Ball, location: 2F
1-2: Ball
2-2: Ground out 4-3 (Groundball, 4, EV 84.4 MPH)
Top of the 9th over - 2 runs, 1 hit, 0 errors, 2 left on base; Peoria 4 - Hagerstown 3
BOTTOM OF THE 9TH
Hagerstown Suns batting - Pitching for Peoria Chiefs : LHP Luis Herrera
Pitching: LHP Nick Suggett
Pinch Hitting: RHB Josh Courtney 0-0: Foul Ball, location: 2F
0-1: Ground out 4-3 (Groundball, 34, EV 93.1 MPH)
Batting: RHB Jim Towle 0-0: Ball
1-0: Ball
2-0: Swinging Strike
2-1: Fly out, F8 (Flyball, 78D, EV 90.0 MPH)
Batting: RHB Felix Torres 0-0: Foul Ball, location: 2F
0-1: Swinging Strike
0-2: Ball
1-2: Strikes out swinging
Bottom of the 9th over - 0 runs, 0 hits, 0 errors, 0 left on base; Peoria 4 - Hagerstown 3
Thursday, March 31st , 2022 - OOTP Baseball 22.12 Build 89